 Dungeon Crawl Stone Soup version 0.30-a0-1035-g38d5fb2972 (webtiles) character file.

Game seed: 5440340915806368814

28 Lobster4 the Digger (level 3, -1/32 HPs)
             Began as a Troll Earth Elementalist on Apr 8, 2023.
             Killed by nerve-wracking pain
             ... invoked by Jessica
              (7 damage)
             ... on level 1 of the Dungeon.
             The game lasted 00:01:54 (592 turns).

Lobster4 the Digger (Troll Earth Elementalist)       Turns: 592, Time: 00:01:54

Health: -1/32      AC:  4    Str: 16    XL:     3   Next: 0%
Magic:  2/4        EV: 10    Int: 13    God:
Gold:   43         SH:  0    Dex: 10    Spells: 1/4 levels left

rFire   . . .      SeeInvis .    (no weapon)
rCold   . . .      Faith    .    (no shield)
rNeg    . . .      Spirit   .    a - +0 robe
rPois   .          Reflect  .    (helmet restricted)
rElec   .          Rampage  .    (no cloak)
rCorr   .                        (gloves unavailable)
Will    .....                    (boots unavailable)
Stlth   +                        (no amulet)
HPRegen 1.05/turn                (no ring)
MPRegen 0.09/turn                (no ring)

@: no status effects
A: large, unfitting armour, claws 3, regeneration 1, shaggy fur 1, tough skin 1
a: no special abilities


You were on level 1 of the Dungeon.
You visited 1 branch of the dungeon, and saw 2 of its levels.

You collected 43 gold pieces.

Inventory:

Hand Weapons
 h - a +0 club
Missiles
 c - 13 stones
Armour
 a - a +0 robe (worn)
Scrolls
 e - a scroll of identify {unknown}
 f - a scroll of vulnerability {unknown}
 g - a scroll of teleportation {unknown}
Potions
 b - a potion of magic
 d - a potion of mutation {unknown}


   Skills:
 + Level 0.4 Fighting
 + Level 0.0 Maces & Flails
 + Level 0.0 Throwing
 + Level 0.5 Armour
 + Level 1.8 Dodging
 - Level 1.0 Stealth
 + Level 0.7 Unarmed Combat
 + Level 1.4 Spellcasting
 + Level 0.9 Transmutations
 + Level 2.9 Earth Magic


You had one spell level left.
You knew the following spells:

 Your Spells              Type           Power      Damage    Failure   Level
a - Sandblast             Erth           16%        2d6       9%          1
b - Passwall              Tmut/Erth      5%         N/A       19%         2

Your spell library contained the following spells:

 Spells                   Type           Power      Damage    Failure   Level
 Static Discharge         Conj/Air       0%         2-2/arc   38%         2
 Stone Arrow              Conj/Erth      8%         3d7       41%         3
 Petrify                  Tmut/Erth      6%         N/A       77%         4
 Airstrike                Air            0%         2d(0-16)  95%         4
 Summon Lightning Spire   Summ/Air       0%         N/A       95%         4


Dungeon Overview and Level Annotations

Branches:
Dungeon (2/15)

Altars:

Shops:
D:1 *

Annotations:
D:1 1 exclusion, Jessica


Innate Abilities, Weirdness & Mutations

You are too large for most types of armour.
You have claws for hands.
Your natural rate of healing is unusually fast.
You are covered in fur. (AC +1)
You have tough skin. (AC +1)


Message History

You climb downwards.
The frilled lizard hisses angrily.
A quokka comes into view.
Found a leather armour, a hand axe and a scroll labelled PIBEQUJ NEPA.
There is a stone staircase leading up here.
Jessica shouts!
The adder hisses angrily.
Jessica hits you with a +0 club.
You see here a +0 leather armour.
Jessica attacks as you move away! Jessica hits you with a +0 club.
There is a stone staircase leading up here.
Jessica casts a spell.
Jessica seems to speed up.
You climb upwards.
Level annotation: 1 exclusion
There is a stone staircase leading down here.
Cast which spell? (? or * to list)
Aiming: Sandblast (safe; 9% risk of failure)
Press: ? - help, Shift-Dir - straight line, f - Jessica
Aim: Jessica, wielding a +0 club and wearing a +0 robe (fast, 81% to hit)
The blast of sand hits Jessica!
Jessica is almost dead.
Jessica barely misses you. Jessica gestures at you while chanting.
Pain shoots through your body! Jessica hits you with a +0 club.
Casting: Sandblast (safe; 9% risk of failure)
Confirm with . or Enter, or press ? or * to list all spells.
Aiming: Sandblast (safe; 9% risk of failure)
Press: ? - help, Shift-Dir - straight line, f/p - Jessica
Aim: Jessica, wielding a +0 club and wearing a +0 robe (almost dead, fast, 81% to hit)
The blast of sand misses Jessica.
Jessica hits you with a +0 club.
Jessica casts a spell.
Jessica blinks!
Jessica gestures at you while chanting. Pain shoots through your body!
* * * LOW HITPOINT WARNING * * *
You barely miss Jessica.
Jessica is almost dead.
Jessica points at you and mumbles some strange words.
Pain shoots through your body!
You die...

#.....#####......#..........
####.###.#.#.#.#.#.....##...
########.##..........#.....##...
#........###.#.#.#.#.#.....##...
#.......###..........#..........
#..........#.#.#.#.#.#..........
#........#...>........###.......
#........###.#.#.#.#...##.......
#.......###....@@....#รท.#.......
#.......# ##.#.#.#.#.##.#.......
#.......# ############....#####
######### ####....#. ####.#. #.#.
#..# ##.# #..


You could see Jessica (fast).

Vanquished Creatures
  A dart slug (D:1)
  5 bats (D:1)
  An endoplasm (D:1)
  3 goblins (D:1)
  3 hobgoblins (D:1)
  A quokka (D:1)
  3 ball pythons (D:1)
  3 frilled lizards (D:1)
  4 kobolds (D:1)
24 creatures vanquished.

Notes
Turn   | Place    | Note
-------+----------+-------------------------------------------
     0 | D:1      | Lobster4 the Troll Earth Elementalist began the quest for
                  | the Orb.
     0 | D:1      | Reached XP level 1. HP: 16/16 MP: 1/1
     8 | D:1      | Noticed a bullfrog
   101 | D:1      | Reached XP level 2. HP: 24/24 MP: 2/2
   108 | D:1      | Learned a level 2 spell: Passwall
   394 | D:1      | Found Mileos's Assorted Antiques.
   423 | D:1      | Reached XP level 3. HP: 32/32 MP: 4/4
   583 | D:2      | Noticed Jessica
   592 | D:1      | Killed from afar by Jessica

Illustrated notes

Levels and vault maps discovered:
D:1:      evilmike_arrival_come_back, layout_basic, serial_shops,
          nicolae_lakefront_shop, st_stairs_9, minmay_tetromino_l2
D:2:      layout_rooms, uniq_jessica

Action                     || total
---------------------------++-------
  Melee: Unarmed           ||    61
   Cast: Sandblast         ||     2
   Stab: Sleeping          ||     1
 Armour: Robe              ||    27
  Dodge: Dodged            ||    52

Table legend: (Time is in decaauts)
 A = Elapsed time spent in this place.
 B = Non-inter-level travel time spent in this place.
 C = Inter-level travel time spent in this place.
 D = Time resting spent in this place.
 E = Time spent auto-exploring this place.
 F = Levels seen in this place.
 G = Mean time per level.
                   A        B        C        D        E       F      G
               +--------+--------+--------+--------+--------+-----+--------+
         Total |    592 |    566 |     26 |      0 |    401 |   2 |  296.0 |
       Dungeon |    592 |    566 |     26 |      0 |    401 |   2 |  296.0 |
               +--------+--------+--------+--------+--------+-----+--------+

Top non-repeatable levels by time:
     D:1: 580 daAuts
     D:2: 12 daAuts
